 Dungeon Crawl Stone Soup version 0.22.0-49-gab54619 (webtiles) character file.

1129 teukkam the Skirmisher (level 8, -1/71 HPs)
             Began as a Minotaur Berserker on Sept 4, 2018.
             Was a Priest of Trog.
             Slain by an orc warrior
             ... wielding a +0 battleaxe
              (4 damage)
             ... on level 6 of the Dungeon.
             The game lasted 00:14:45 (4208 turns).

teukkam the Skirmisher (Minotaur Berserker)         Turns: 4208, Time: 00:14:47

Health: -1/71      AC: 10    Str: 24    XL:     8   Next: 13%
Magic:  7/7        EV: 13    Int:  4    God:    Trog [***...]
Gold:   125        SH:  0    Dex: 10    Spells: 7/7 levels left

rFire    . . .     SeeInvis .   c - +1 whip (venom)
rCold    . . .     Gourm    .   (no shield)
rNeg     . . .     Faith    .   o - +0 chain mail
rPois    .         Spirit   .   (helmet restricted)
rElec    .         Reflect  .   (no cloak)
rCorr    +         Harm     .   (no gloves)
MR       .....                  (no boots)
Stlth    ..........             (no amulet)
HPRegen  0.21/turn              k - +3 ring of evasion
MPRegen  0.10/turn              u - ring of resist corrosion

@: no status effects
A: retaliatory headbutt, horns 2
a: Berserk, Trog's Hand, Renounce Religion


You were on level 6 of the Dungeon.
You worshipped Trog.
Trog was most pleased with you.
You were not hungry.

You visited 1 branch of the dungeon, and saw 6 of its levels.

You collected 216 gold pieces.
You spent 91 gold pieces at shops.

Inventory:

Hand Weapons
 a - a +0 hand axe
 b - a +0 hand crossbow
 c - a +1 whip of venom (weapon)
 C - a +0 hunting sling
Missiles
 j - 8 needles of paralysis
 p - 129 stones (quivered)
 q - 26 bolts
 r - 76 arrows
 x - 29 poisoned needles
 B - a throwing net
Armour
 o - a +0 chain mail (worn)
Jewellery
 k - a +3 ring of evasion (left hand)
 u - a ring of resist corrosion (right hand)
Wands
 D - a wand of acid (9)
 E - a wand of enslavement (13)
Scrolls
 f - 3 scrolls of teleportation {unknown}
 g - a scroll of enchant weapon {unknown}
 h - 3 scrolls of magic mapping {unknown}
 m - a scroll of noise {unknown}
 n - a scroll of remove curse
 t - a scroll of amnesia {unknown}
 v - a scroll of enchant armour {unknown}
 y - 3 scrolls of fear {unknown}
 A - 3 scrolls of identify {unknown}
Potions
 i - a potion of curing
 l - 2 potions of lignification
 s - 2 potions of haste {unknown}
 w - 3 potions of might {unknown}
 z - a potion of flight {unknown}
Comestibles
 d - 3 chunks of flesh
 e - 10 rations


   Skills:
 + Level 6.4 Fighting
 + Level 6.3 Axes
 - Level 1.7 Slings
 + Level 3.7 Crossbows
 + Level 5.6 Armour
 + Level 5.1 Dodging


You had 7 spell levels left.
You didn't know any spells.
Your spell library was empty.

Dungeon Overview and Level Annotations

Branches:
Dungeon (6/15)             Temple (0/1) D:5

Altars:
Fedhas
Hepliaklqana

Shops:
D:4 (


Innate Abilities, Weirdness & Mutations

You reflexively headbutt those who attack you in melee.
You have a pair of horns on your head.


Message History

You whack the orc wizard!
The orc wizard looks as sick as possible!
The orc wizard is heavily wounded.
Something hits you but does no damage.
The orc warrior hits you with a battleaxe.
The orc wizard hits you with a dagger. Something hits you but does no damage.
You hit the orc warrior.
The orc warrior looks as sick as possible!
The orc warrior is severely wounded.
The orc wizard hits you with a dagger. Something hits you.
* * * LOW HITPOINT WARNING * * *
The orc warrior hits you with a battleaxe!!
* * * LOW HITPOINT WARNING * * *
You hit the orc wizard.
You kill the orc wizard!
Trog accepts your kill.
Trog appreciates your killing of a magic user.
Something hits you but does no damage.
The orc warrior hits you with a battleaxe.
You die...

# ### ### #. #.#
#.# #..####.# ##.#
#...@)..###..####.#
##.o..............#
#(......##..#######
#.(.#.....###.##
#.# .()#####..##
#..# #.## .(## #..#
#..## #... (
#..####...###...
...........#.###
.......####..##


You could see an orc warrior.

Vanquished Creatures
  A water moccasin (D:5)
  A sky beast (D:5)
  An ice beast (D:5)
  A phantom (D:4)
  Blork the orc (D:4)
  A bullfrog (D:5)
  3 howler monkeys
  2 bullfrog zombies (D:5)
  A hound (D:5)
  A jelly (D:5)
  2 orc wizards
  2 orc priests
  5 worker ants
  A worker ant zombie (D:5)
  5 adders
  A shadow imp (D:5)
  An adder zombie (D:6)
  2 adder skeletons
  2 dart slugs
  2 leopard geckos
  11 orcs
  2 giant cockroaches
  3 goblins
  8 hobgoblins
  5 jackals
  5 kobolds
  5 quokkas
  5 bats
  6 frilled lizards
  2 jackal skeletons
  6 rats
94 creatures vanquished.

Notes
Turn   | Place    | Note
-------+----------+-------------------------------------------
     0 | D:1      | teukkam the Minotaur Berserker began the quest for the Orb.
     0 | D:1      | Reached XP level 1. HP: 19/19 MP: 0/0
   145 | D:1      | Reached XP level 2. HP: 22/27 MP: 1/1
   417 | D:1      | Reached ** piety under Trog
   936 | D:2      | Reached XP level 3. HP: 33/33 MP: 2/2
  1295 | D:3      | Reached skill level 1 in Slings
  1301 | D:3      | Reached XP level 4. HP: 18/40 MP: 3/3
  2025 | D:3      | Found a hazy altar of Hepliaklqana.
  2417 | D:4      | Reached XP level 5. HP: 44/47 MP: 4/4
  2466 | D:4      | Found Nezxudag's Antique Weapon Shoppe.
  2471 | D:4      | Noticed Blork the orc
  2478 | D:4      | Bought a hand crossbow for 91 gold pieces
  2496 | D:4      | Killed Blork the orc
  2701 | D:4      | Noticed a phantom
  2702 | D:4      | Reached skill level 1 in Crossbows
  2720 | D:4      | Killed a phantom
  2720 | D:4      | Reached skill level 5 in Fighting
  2720 | D:4      | Reached skill level 5 in Axes
  2720 | D:4      | Reached XP level 6. HP: 56/56 MP: 5/5
  2857 | D:5      | Entered Level 5 of the Dungeon
  2927 | D:5      | Reached *** piety under Trog
  2980 | D:5      | Found a blossoming altar of Fedhas.
  3060 | D:5      | Noticed a water moccasin
  3070 | D:5      | Killed a water moccasin
  3070 | D:5      | Reached XP level 7. HP: 49/61 MP: 6/6
  3112 | D:5      | Reached skill level 5 in Armour
  3579 | D:5      | Found a staircase to the Ecumenical Temple.
  3646 | D:5      | Reached skill level 5 in Dodging
  3646 | D:5      | Reached XP level 8. HP: 70/70 MP: 7/7
  4207 | D:6      | HP: 3/71 [orc warrior/battleaxe (18)]
  4208 | D:6      | Slain by an orc warrior

Skill      XL: |  1  2  3  4  5  6  7 |
---------------+----------------------+-----
Fighting       | 4 5 6 |  6.4
Axes           | 4 5 6 |  6.3
Armour         | 3 4 5 |  5.6
Slings         | 1 |  1.7
Dodging        | 3 4 5 |  5.1
Crossbows      | 1 2 3 |  3.7

Action                   |  1- 3 |  4- 6 |  7- 9 || total
-------------------------+-------+-------+-------++-------
Melee: Hand axe          |    62 |    88 |    44 ||   194
       Headbutt          |    12 |    16 |    10 ||    38
       Whip              |       |     9 |    47 ||    56
 Fire: Hunting sling     |    33 |    15 |       ||    48
       Hand crossbow     |       |    19 |    23 ||    42
Invok: Berserk           |       |     1 |     1 ||     2
Evoke: Wand              |       |       |     1 ||     1
  Use: Potion            |     1 |       |     5 ||     6
       Scroll            |       |     1 |       ||     1
  Eat: Chunk             |     1 |     7 |     1 ||     9
       Ration            |       |       |     1 ||     1
Armor: Animal skin       |     6 |       |       ||     6
       Chain mail        |    23 |    38 |    31 ||    92
       Skin              |       |       |    62 ||    62
Dodge: Dodged            |    48 |    63 |    45 ||   156
